 Dungeon Crawl Stone Soup version 0.29.1-4-g47bece8355 (webtiles) character file.

Game seed: 15874586331380563435

645 Peloso the Slasher (level 7, -5/61 HPs)
             Began as a Minotaur Fighter on Dec 8, 2022.
             Shot with a bolt by an orc warrior (21 damage)
             ... on level 5 of the Dungeon.
             The game lasted 00:08:28 (5618 turns).

Peloso the Slasher (Minotaur Fighter)               Turns: 5618, Time: 00:08:28

Health: -5/61      AC: 10    Str: 20    XL:     7   Next: 27%
Magic:  6/6        EV:  8    Int:  5    God:
Gold:   246        SH: 10    Dex: 12    Spells: 6/6 levels left

rFire   . . .      SeeInvis .   a - +1 long sword
rCold   + . .      Faith    .   c - +0 buckler
rNeg    . . .      Spirit   .   n - +0 chain mail
rPois   .          Reflect  +   (helmet restricted)
rElec   .          Harm     .   (no cloak)
rCorr   +          Rampage  .   (no gloves)
Will    .....                   (no boots)
Stlth   ..........              r - amulet of reflection
HPRegen 0.20/turn               h - ring of resist corrosion
MPRegen 0.10/turn               o - ring of protection from cold

@: no status effects
A: horns 2, retaliatory headbutt
a: no special abilities


You were on level 5 of the Dungeon.
You visited 1 branch of the dungeon, and saw 5 of its levels.
You also visited: Ossuary.

You collected 246 gold pieces.

Inventory:

Hand Weapons
 a - a +1 long sword (weapon)
Armour
 b - a +0 scale mail
 c - a +0 buckler (worn)
 n - a +0 chain mail (worn)
Jewellery
 h - a ring of resist corrosion (left hand)
 o - a ring of protection from cold (right hand)
 q - a ring of ice
 r - an amulet of reflection (around neck)
 s - a ring of flight
Wands
 x - a wand of iceblast (10)
Scrolls
 j - a scroll of enchant armour
 k - 3 scrolls of noise
 l - 2 scrolls of fear
 p - a scroll of amnesia
 t - 4 scrolls of teleportation
 w - a scroll of silence
 y - a scroll of blinking
Potions
 d - 5 potions of might
 e - 6 potions of curing
 f - 2 potions of mutation
 g - a potion of resistance
 i - a potion of magic
 m - a potion of heal wounds {unknown}
 u - a potion of berserk rage {unknown}
 v - a potion of cancellation {unknown}


   Skills:
 + Level 5.0 Fighting
 + Level 6.4 Long Blades
 + Level 6.0 Armour
 + Level 1.7 Dodging
 + Level 0.5 Stealth
 + Level 4.9 Shields


You had 6 spell levels left.
You didn't know any spells.
Your spell library was empty.

Dungeon Overview and Level Annotations

Branches:
Dungeon (5/15)            Ossuary (visited)
 Temple: D:4-7

Altars:
Trog

Shops:
D:2 ?

Annotations:
D:2 1 runed translucent door, Crazy Yiuf


Innate Abilities, Weirdness & Mutations

You have a pair of horns on your head.
You reflexively headbutt those who attack you in melee.


Message History

You slash the orc priest!
The orc priest is almost dead.
The orc priest looks braver for a moment.
You hit the orc priest.
The orc priest is almost dead.
You block the orc priest's attack.
You hit the orc priest but do no damage.
You headbutt the orc priest, but do no damage.
The orc priest is almost dead.
The orc priest closely misses you.
You completely miss the orc priest.
The orc priest is almost dead.
The orc priest hits you with a +0 hand axe.
You hit the orc priest.
You kill the orc priest!
Your Armour skill increases to level 6!
Things that are here:
a +0 hand axe; a +0 ring mail; an orc corpse You start resting.
HP restored.
There is a stone staircase leading down here.
You climb downwards.
The orc warrior unwields a +0 hand axe.
The orc warrior wields a +4 arbalest of flaming.
It bursts into flame!
The orc warrior shoots a bolt.
The bolt hits you! The bolt burns you.
There is a stone staircase leading up, spattered with blood here.
The orc warrior shoots a bolt.
You reflect the bolt off an invisible shield around you!
The bolt barely misses the orc warrior.
You climb upwards.
There is a stone staircase leading down here.
You start resting.
HP restored.
You climb downwards.
The orc warrior shoots a bolt.
The bolt hits you!! The bolt burns you!
The orc warrior shoots a bolt.
The bolt hits you! The bolt burns you.
* * * LOW HITPOINT WARNING * * *
There is a stone staircase leading up, spattered with blood here.
The orc warrior shoots a bolt.
The bolt hits you!!
You die...

# ###### ## #..
.... .# .. ..###.#
#.#####.#@#.###
#.#..#..#[#...#
#...........#
###.#.!#....#.#
#...#†....###o#
#..$.#..# .#
#.....)...........
..............P...
#####.#.#####......


You could see an orc warrior.

Vanquished Creatures
  Menkaure (D:4)
  2 hounds (D:4)
  An orc priest (D:4)
  An iguana (D:4)
  Ijyb (D:4)
  12 mummies (Ossuary)
  Robin (D:2)
  4 gnolls
  6 adders
  2 ufetubi (D:3)
  2 worms
  5 dart slugs
  6 orcs
  8 endoplasms
  3 giant cockroaches
  14 goblins
  12 hobgoblins
  A quokka (D:3)
  10 ball pythons
  3 bats
  2 frilled lizards
  2 gnoll skeletons (Ossuary)
  A goblin skeleton (Ossuary)
  6 kobolds
  A kobold skeleton (Ossuary)
  4 orc skeletons (Ossuary)
  3 rats
  11 rat skeletons (Ossuary)
125 creatures vanquished.

Vanquished Creatures (others)
  A plant (D:1)
1 creature vanquished.

Grand Total: 126 creatures vanquished

Notes
Turn   | Place    | Note
-------+----------+-------------------------------------------
     0 | D:1      | Peloso the Minotaur Fighter began the quest for the Orb.
     0 | D:1      | Reached XP level 1. HP: 19/19 MP: 0/0
    95 | D:1      | Reached XP level 2. HP: 25/27 MP: 1/1
   553 | D:1      | Found a faded altar of an unknown god.
  1137 | D:2      | Reached XP level 3. HP: 25/33 MP: 2/2
  1300 | D:2      | Found Kuleoni's Magic Scroll Emporium.
  1606 | D:2      | Noticed Robin
  1624 | D:2      | Reached XP level 4. HP: 30/40 MP: 3/3
  1643 | D:2      | Killed Robin
  1771 | D:2      | Found a runed translucent door.
  1772 | D:2      | Noticed Crazy Yiuf
  2301 | D:3      | Reached skill level 1 in Dodging
  2445 | D:2      | Reached skill level 5 in Armour
  2690 | D:3      | Reached XP level 5. HP: 25/47 MP: 4/4
  3147 | D:3      | Found a faded altar of an unknown god.
  3152 | D:3      | Found a bloodstained altar of Trog.
  3212 | D:4      | Found a sand-covered staircase.
  3255 | Ossuary  | Entered an ossuary
  3657 | Ossuary  | Reached skill level 5 in Long Blades
  3657 | Ossuary  | Reached XP level 6. HP: 44/53 MP: 5/5
  4069 | D:4      | Noticed Menkaure
  4078 | D:4      | Killed Menkaure
  4466 | D:4      | Noticed Ijyb
  4596 | D:4      | Killed Ijyb
  4773 | D:4      | Reached XP level 7. HP: 60/60 MP: 6/6
  4927 | D:4      | Reached skill level 5 in Fighting
  5461 | D:5      | Entered Level 5 of the Dungeon
  5618 | D:5      | Shot with a bolt by an orc warrior

Illustrated notes

Levels and vault maps discovered:
D:1:      eino_arrival_cavern_c, layout_basic,
          ebering_ecumenical_altar_abandoned, kennysheep_decorative_pillar,
          serial_bayou_lagoon_b
D:2:      layout_basic, serial_shops, nicolae_shop_advertising_works
          [nicolae_subvault_shop_adworks], uniq_crazy_yiuf_cottage, uniq_robin
D:3:      layout_loops_ring, nicolae_overflow_ecumenical_swirl, serial_glass,
          glass_columns_b, glass_columns_b, glass_columns_a, glass_columns_a,
          glass_columns_a, glass_columns_a, glass_columns_b, glass_columns_b,
          glass_columns_b, glass_columns_b
D:4:      layout_cave_pods, nicolae_ossuary_entry_false_entrances,
          minmay_ruptured, uniq_menkaure, uniq_ijyb
D:5:      layout_basic, mainiacjoe_overflow_concentric_impassable,
          guppyfry_early_lair_pool, uniq_grinder

Skill      XL: |  1  2  3  4  5  6  7 |
---------------+----------------------+-----
Armour         | 4 5 6 |  6.0
Fighting       | 4 5 |  5.0
Long Blades    | 3 5 6 |  6.4
Dodging        | 1 |  1.7
Shields        | 4 |  4.9
Stealth        | |  0.5

Action                   |  1- 3 |  4- 6 |  7- 9 || total
-------------------------+-------+-------+-------++-------
Melee: Long sword        |    94 |   192 |    33 ||   319
       Headbutt          |    15 |    29 |     8 ||    52
  Use: Scroll            |     4 |     7 |       ||    11
       Potion            |     2 |     1 |       ||     3
Armor: Scale mail        |    18 |       |       ||    18
       Chain mail        |    32 |    87 |    11 ||   130
Dodge: Dodged            |    39 |    64 |    13 ||   116
Block: Buckler           |    24 |   100 |    21 ||   145
       Reflection        |       |       |     2 ||     2
